 Dungeon Crawl Stone Soup version 0.28.0 (webtiles) character file.

Game seed: 1601150567707295940

3070 GordonOverkill the Grappler (level 9, -9/44 HPs)
             Began as a Vine Stalker Delver on Feb 16, 2022.
             Killed by divine providence
             ... invoked by an orc priest
              (12 damage)
             ... on level 8 of the Dungeon.
             The game lasted 00:14:41 (8327 turns).

GordonOverkill the Grappler (Vine Stalker Delver)   Turns: 8327, Time: 00:14:41

Health: -9/44      AC: 13    Str: 18    XL:     9   Next: 88%
Magic:  0/10       EV:  9    Int: 10    God:
Gold:   293        SH:  0    Dex: 21    Spells: 8/8 levels left

rFire   + . .      SeeInvis .   m - +5 hand axe
rCold   + . .      Faith    .   (no shield)
rNeg    . . .      Spirit   +   A - +0 plate armour
rPois   .          Reflect  .   q - +0 hat
rElec   .          Harm     .   j - scarf {rC+ rF+}
rCorr   .          Rampage  .   z - +0 pair of gloves
Will    +....                   r - +1 pair of boots
Stlth   ..........              e - amulet of magic regeneration
HPRegen 0.94/turn               v - +4 ring of evasion
MPRegen 0.52/turn               s - +6 ring of dexterity

@: mighty
A: fangs 3, regeneration 1, magic shield, antimagic bite, no potion heal 2,
frail 1, weak 1
a: no special abilities


You were on level 8 of the Dungeon.
You visited 1 branch of the dungeon, and saw 8 of its levels.

You collected 293 gold pieces.

Inventory:

Hand Weapons
 m - a +5 hand axe (weapon)
Armour
 j - a scarf of resistance (worn)
 q - a +0 hat (worn)
 r - a +1 pair of boots (worn)
 z - a +0 pair of gloves (worn)
 A - a +0 plate armour (worn)
Jewellery
 e - an amulet of magic regeneration (around neck)
 s - a +6 ring of dexterity (right hand)
 v - a +4 ring of evasion (left hand)
 x - a ring of resist corrosion
 y - a ring of fire
 C - a ring of ice
 H - a +6 ring of dexterity
Wands
 f - a wand of digging (3)
 w - a wand of flame (51)
Scrolls
 a - a scroll of holy word {unknown}
 b - a scroll of fog
 c - a scroll of magic mapping
 g - a scroll of torment {unknown}
 i - 4 scrolls of identify {unknown}
 l - 2 scrolls of brand weapon {unknown}
 o - 3 scrolls of teleportation {unknown}
 u - 2 scrolls of enchant armour {unknown}
 B - a scroll of noise {unknown}
Potions
 k - a potion of curing
 p - a potion of resistance {unknown}
 t - a potion of flight {unknown}
 D - a potion of magic {unknown}
 E - a potion of invisibility {unknown}
 F - a potion of heal wounds {unknown}
 G - a potion of ambrosia {unknown}


   Skills:
 + Level 6.7 Fighting
 - Level 6.0 Axes
 - Level 1.5 Dodging
 - Level 6.0 Stealth
 * Level 9.8 Unarmed Combat


You had 8 spell levels left.
You didn't know any spells.
Your spell library contained the following spells:

 Spells                   Type           Power      Damage    Failure   Level
 Magic Dart               Conj           0%         1d3       100%        1
 Sandblast                Erth           0%         2d4       100%        1
 Passwall                 Tmut/Erth      0%         N/A       100%        2
 Searing Ray              Conj           0%         2d4       100%        2
 Static Discharge         Conj/Air       0%         N/A       100%        2
 Dazzling Flash           Conj/Hex       0%         N/A       100%        3
 Gell's Gravitas          Tloc           0%         N/A       100%        3
 Lesser Beckoning         Tloc           0%         N/A       100%        3
 Stone Arrow              Conj/Erth      0%         3d7       100%        3
 Teleport Other           Tloc           0%         N/A       100%        3
 Fulminant Prism          Conj/Hex       0%         3d6       100%        4
 Iskenderun's Mystic Bla  Conj/Tloc      0%         2d3       100%        4
 Lightning Bolt           Conj/Air       0%         1d11      100%        5
 Summon Forest            Summ/Tloc      0%         N/A       100%        5
 Eringya's Noxious Bog    Tmut/Pois      0%         N/A       100%        6
 Starburst                Conj/Fire      0%         6d3       100%        6
 Summon Hydra             Summ           0%         N/A       100%        7
 Maxwell's Capacitive Co  Air            0%         ∞         100%        8


Dungeon Overview and Level Annotations

Branches:
Dungeon (8/15)             Temple (0/1) D:6
   Lair: D:8-11

Altars:
Yredelemnul
Zin

Annotations:
D:2 1 runed translucent door, Crazy Yiuf


Innate Abilities, Weirdness & Mutations

You have razor-sharp teeth.
Your natural rate of healing is unusually fast.
When hurt, damage is shared between your health and your magic reserves.
Your bite disrupts and absorbs the magic of your enemies.
Potions cannot restore your health.
You are frail. (-10% HP)
You are weak. (Str -2)


Message History

* * * LOW HITPOINT WARNING * * *
The water moccasin bites you but does no damage. x2
Things that are here:
a +0 war axe; a +0 ring mail The water moccasin bites you but does no damage.
The orc priest looks encouraged for a moment.
The water moccasin barely misses you. The water moccasin bites you!
* * * LOW HITPOINT WARNING * * *
The water moccasin bites you.
* * * LOW HITPOINT WARNING * * *
You are poisoned.
The water moccasin poisons you!
You feel very sick.
You feel sick.
You feel sick.
The water moccasin bites you but does no damage.
You feel sick.
You feel sick.
The orc priest mumbles some strange prayers to Beogh against you.
Beogh smites you!
* * * LOW HITPOINT WARNING * * *
It was a potion of curing.
Your system rejects the healing.
You feel better. The water moccasin misses you.
The water moccasin bites you but does no damage.
Okay, then.
Okay, then.
It was a potion of mutation.
You feel extremely strange.
You feel frail.
You feel weaker.
The water moccasin bites you but does no damage.
The orc warrior hits you from afar with a +0 halberd!
* * * LOW HITPOINT WARNING * * *
The orc priest looks braver for a moment.
It was a potion of might.
You feel very mighty all of a sudden. The water moccasin barely misses you.
The orc warrior hits you but does no damage.
The orc priest calls down the wrath of Beogh upon you.
Beogh smites you!
You die...

.##.......|....#........##
.###......#.#....o.....##
......##..#.#.###o######
.###....... #. #o#
........... .. ##.#
......... .# #..# .......
#o## ...#### #S# ...# #@#
.#.. #....# =##.o ###...
##... ..... ...... .......
##......#


You could see an orc warrior, a water moccasin, an orc priest, an orc wizard and
an orc.

Vanquished Creatures
  A deep elf zephyrmancer (D:6)
  A wyvern (D:8)
  3 water moccasins (D:6)
  A sky beast (D:6)
  2 orc warriors
  A hornet zombie (D:7)
  2 necrophages
  2 centaurs
  3 ogres (D:6)
  2 wyvern zombies
  3 scorpions
  7 wights
  A howler monkey (D:6)
  A centaur zombie (D:8)
  A bullfrog zombie (D:4)
  A hound (D:5)
  A centaur skeleton (D:6)
  4 orc priests
  3 iguanas
  3 orc wizards (D:7)
  A hound skeleton (D:4)
  A howler monkey skeleton (D:7)
  6 adders
  A howler monkey zombie (D:7)
  2 ufetubi
  3 adder zombies (D:4)
  2 worms (D:2)
  4 dart slugs
  22 orcs
  4 ball pythons
  6 endoplasms
  5 goblins
  5 hobgoblins
  3 jackals (D:1)
  8 kobolds
  3 quokkas
  2 bats
  12 frilled lizards
  A quokka zombie (D:4)
  3 rats
137 creatures vanquished.

Vanquished Creatures (others)
  3 fungi (D:2)
  3 plants (D:5)
6 creatures vanquished.

Grand Total: 143 creatures vanquished

Notes
Turn   | Place    | Note
-------+----------+-------------------------------------------
     0 | D:5      | GordonOverkill the Vine Stalker Delver began the quest for
                  | the Orb.
     0 | D:5      | Reached XP level 1. HP: 11/11 MP: 2/2
     8 | D:6      | Noticed an ogre
    17 | D:6      | Noticed an ogre
    69 | D:5      | Noticed a scorpion
   101 | D:4      | Noticed a necrophage
   137 | D:5      | Noticed a hound
   138 | D:5      | Noticed a necrophage
   721 | D:4      | Reached XP level 2. HP: 16/16 MP: 3/3
  1471 | D:3      | Reached skill level 3 in Unarmed Combat
  1471 | D:3      | Reached XP level 3. HP: 14/20 MP: 2/4
  2561 | D:1      | Gained mutation: Your natural rate of healing is unusually
                  | fast. [Vine Stalker growth]
  2561 | D:1      | Reached XP level 4. HP: 24/24 MP: 5/5
  2659 | D:1      | Found a faded altar of an unknown god.
  3243 | D:2      | Found a glowing silver altar of Zin.
  3371 | D:2      | Reached skill level 1 in Axes
  3392 | D:2      | Reached skill level 4 in Unarmed Combat
  3657 | D:2      | Found a runed translucent door.
  3658 | D:2      | Noticed Crazy Yiuf
  3677 | D:3      | Reached XP level 5. HP: 28/28 MP: 4/6
  4943 | D:4      | Reached XP level 6. HP: 33/33 MP: 7/7
  5013 | D:4      | Found a basalt altar of Yredelemnul.
  5041 | D:4      | Killed a necrophage
  5042 | D:4      | Reached skill level 5 in Unarmed Combat
  5403 | D:5      | Killed a necrophage
  5404 | D:5      | Reached XP level 7. HP: 36/37 MP: 8/8
  5631 | D:5      | Reached skill level 6 in Unarmed Combat
  6126 | D:6      | Gained mutation: You have razor-sharp teeth. [Vine Stalker
                  | growth]
  6126 | D:6      | Reached XP level 8. HP: 42/42 MP: 9/9
  6131 | D:6      | Reached skill level 5 in Fighting
  6194 | D:6      | Found a staircase to the Ecumenical Temple.
  6348 | D:6      | Reached skill level 7 in Unarmed Combat
  6531 | D:6      | Noticed a deep elf zephyrmancer
  6539 | D:6      | Killed a deep elf zephyrmancer
  6540 | D:6      | Reached skill level 8 in Unarmed Combat
  6937 | D:6      | Reached XP level 9. HP: 48/48 MP: 10/10
  6939 | D:6      | Noticed a gargoyle
  7157 | D:7      | Reached skill level 5 in Axes
  7438 | D:7      | Reached skill level 9 in Unarmed Combat
  8326 | D:8      | Gained mutation: You are frail. (-10% HP) [potion of
                  | mutation]
  8326 | D:8      | Gained mutation: You are weak. (Str -2) [potion of
                  | mutation]
  8326 | D:8      | HP: 2/44 [orc warrior (7)]
  8327 | D:8      | Killed from afar by an orc priest

Illustrated notes

Levels and vault maps discovered:
D:1:      lemuel_arrival_river_bridge, layout_rooms,
          ebering_ecumenical_altar_hall, wander_ebering_terrifying_dragon_lair
D:2:      layout_loops_ring, basic_altar,
          nicolae_concentric_dashed_squares_mild, uniq_crazy_yiuf_cottage
D:3:      layout_basic, serial_aquarium, aquarium_bridge_square
          [aquarium_subvault_bridge, aquarium_subvault_bridge,
          aquarium_subvault_bridge, aquarium_subvault_balcony],
          aquarium_bridge_square [aquarium_subvault_bridge,
          aquarium_subvault_window, aquarium_subvault_bridge,
          aquarium_subvault_wall], aquarium_window_fake, aquarium_window_corner,
          aquarium_window_1, aquarium_window_1, aquarium_view_2d,
          aquarium_view_2b, aquarium_balcony_5b, aquarium_pool_split,
          minivault_5
D:4:      layout_basic, nicolae_yredelemnul_corpse_copse
D:5:      lemuel_ice_spiral_2, layout_rooms, minmay_lizard_king
D:6:      minmay_chambers_of_sixes, layout_basic,
          minmay_temple_entry_water_ring, guppyfry_early_elven_hall
D:7:      layout_loops_ring
D:8:      layout_rooms

Skill      XL: |  1  2  3  4  5  6  7  8  9 |
---------------+----------------------------+-----
Fighting       | 3 4 5 6 |  6.7
Unarmed Combat | 3 4 5 6 8 9 |  9.8
Axes           | 1 2 3 4 6 |  6.0
Dodging        | |  1.5
Stealth        | |  6.0

Action                   |  1- 3 |  4- 6 |  7- 9 || total
-------------------------+-------+-------+-------++-------
Melee: Unarmed           |    79 |       |       ||    79
       Bite              |    24 |    31 |    84 ||   139
       Punch             |     3 |     3 |    21 ||    27
       Hand axe          |     7 |   109 |   238 ||   354
Evoke: Wand              |       |    11 |     2 ||    13
  Use: Potion            |     1 |       |     4 ||     5
       Scroll            |       |       |     1 ||     1
Armor: Chain mail        |    29 |    49 |    33 ||   111
       Plate armour      |       |       |   103 ||   103
Dodge: Dodged            |    26 |    60 |   135 ||   221
